 Dungeon Crawl Stone Soup version 0.21-a0-110-g8e1637b (webtiles) character file.

2371 Lavandula the Ducker (level 9, 0/68 HPs)
             Began as a Mummy Arcane Marksman on July 7, 2017.
             Was an Initiate of Gozag.
             Killed from afar by a hell hound (8 damage)
             ... with a blast of flame
             ... on level 8 of the Dungeon.
             The game lasted 00:41:16 (5721 turns).

Lavandula the Ducker (Mummy Arcane Marksman)        Turns: 5721, Time: 00:41:17

Health: 0/68       AC:  7    Str: 13    XL:     9   Next: 21%
Magic:  15/15      EV: 16    Int: 13    God:    Gozag
Gold:   77         SH:  0    Dex: 15    Spells: 13/16 levels left

rFire    + . .     SeeInvis .   a - +0 hand crossbow
rCold    x . .     Gourm    .   (no shield)
rNeg     + + +     Faith    .   j - +2 robe of Starshine {+Inv +Fly rPois}
rPois    ∞         Spirit   .   (no helmet)
rElec    .         Reflect  .   (no cloak)
rCorr    .         Harm     .   (no gloves)
MR       +....                  D - +2 pair of boots
Stlth    +.........             (no amulet)
HPRegen  0.21/turn              d - ring of fire
MPRegen  0.14/turn              m - ring of fire

@: very slightly contaminated
A: no food or potions, fire vulnerability, cold resistance 1, negative energy
resistance 3, torment resistance, unbreathing
a: Potion Petition, Call Merchant, Bribe Branch, Renounce Religion, Evoke
Invisibility, Evoke Flight


You were on level 8 of the Dungeon.
You worshipped Gozag.
Gozag was noncommittal.
You were not hungry.

You visited 2 branches of the dungeon, and saw 9 of its levels.

You collected 880 gold pieces.
You spent 29 gold pieces at shops.
You paid 774 gold pieces to Gozag.

Inventory:

Hand Weapons
 a - a +0 hand crossbow (weapon)
 k - a +0 hand axe
 o - a +0 arbalest
 q - a +0 spear
 t - a +3 dagger of draining
 w - a +0 blowgun
 x - the +2 quarterstaff of Cowardice {crush, *Slow Str+4 Int+3 Dex+3}
   (You found it on level 7 of the Dungeon)

   It inflicts extra damage upon your enemies.
   It affects your strength (+4).
   It affects your intelligence (+3).
   It affects your dexterity (+3).
   It may slow you when you take damage.
 A - a +0 great sword
 H - a +3 dagger of chaos
Missiles
 e - a throwing net
 n - 65 sling bullets
 z - 15 bolts (quivered)
 F - 3 tomahawks
Armour
 g - a +0 ring mail
 j - the +2 robe of Starshine (worn) {+Inv +Fly rPois}
   (You found it on level 4 of the Dungeon)

   It protects you from poison.
   It lets you turn invisible.
   It lets you fly.
 l - a +0 leather armour
 D - a +2 pair of boots (worn)
Magical Staves
 u - an uncursed staff of poison
Jewellery
 d - a ring of fire (left hand)
 f - an uncursed ring of resist corrosion
 m - a ring of fire (right hand)
Wands
 r - a wand of acid (0/15)
 y - a wand of flame (14/48)
 G - a wand of lightning (0/15)
Scrolls
 b - a scroll of blinking
 i - 2 scrolls of magic mapping
 p - 3 scrolls of teleportation
 s - 8 scrolls of remove curse
 v - 2 scrolls of enchant weapon
 B - 2 scrolls of enchant armour
 C - a scroll of summoning
 E - a scroll of recharging {unknown}
Books
 c - a book of Debilitation

   Spells                             Type                      Level
   a - Corona                         Hexes                        1
   b - Slow                           Hexes                        2
   c - Inner Flame                    Hexes/Fire                   3
   d - Portal Projectile              Hexes/Translocation          3
   e - Cause Fear                     Hexes                        4
   f - Leda's Liquefaction            Hexes/Earth                  4


   Skills:
 - Level 5.0 Fighting
 - Level 2.8 Short Blades
 - Level 4.0 Crossbows
 + Level 7.0 Dodging
 - Level 4.2 Spellcasting
 - Level 2.6 Hexes
 - Level 3.0 Evocations


You had 13 spell levels left.
You knew the following spells:

 Your Spells              Type           Power        Failure   Level  Hunger
a - Corona                Hex            #......      7%          1    N/A
b - Slow                  Hex            #.......     10%         2    N/A

Dungeon Overview and Level Annotations

Branches:
Dungeon (8/15)             Temple (1/1) D:4            Lair (0/6) D:8

Altars:
Ashenzari
Cheibriados
Dithmenos
Elyvilon
Fedhas
Gozag
Hepliaklqana
Okawaru
Uskayaw
Vehumet
Zin
The Shining One

Shops:
D:6 }}}=   D:7 *[   D:8 :

Annotations:
D:7 cirnu's ghost, novice DsGl


Innate Abilities, Weirdness & Mutations

You do not eat or drink.
Your flesh is vulnerable to fire.
You are immune to poison.
Your flesh is cold resistant. (rC+)
You are immune to negative energy. (rN+++)
You are immune to unholy pain and torment.
You can survive without breathing.


Message History

2 bolts.
The floor.
Okay, then.
Okay, then.
Press: ? - help, v - describe, . - travel, g - get item
Here: a hell hound (severely wounded) 2 bolts.
The floor.
As you read the scroll of fear, it crumbles to dust.
You assume a fearsome visage.
The hell hound is unaffected.
The hell hound closely misses you.
Unknown command.
Blink to where?
Press: ? - help, Dir - move target cursor, p - hell hound You are very lightly contaminated with residual magic.
As you read the scroll of blinking, it crumbles to dust.
The hell hound breathes flames at you. The blast of flame hits you! You resist.
You die...
Your body crumbles into a pile of gold.

#.. h> ### ###
##..≈ ) ..##
#...§ ...#
#....§ §≈..(.#
#..... .....##
#....###.(...##
#.............#
#........(....##
#.....@?.......#
#..........h...#
........###§..#
....##### #####
... .. .


You could see a hell hound.

Vanquished Creatures
  Psyche (D:8)
  A hippogriff (D:7)
  A water moccasin (D:6)
  2 sky beasts
  An ogre (D:6)
  A phantom (D:6)
  3 centaurs
  A big kobold (D:6)
  2 bullfrogs (D:7)
  3 scorpions
  A howler monkey (D:5)
  2 crimson imps (D:6)
  A hound (D:7)
  2 quasits
  7 orc wizards
  2 orc priests
  A jelly (D:7)
  An iguana (D:6)
  3 worker ants
  A killer bee zombie (D:8)
  A hound zombie (D:8)
  A hound skeleton (D:4)
  A worker ant zombie (D:6)
  A howler monkey zombie (D:3)
  A howler monkey skeleton (D:7)
  5 adders
  A shadow imp (D:5)
  3 oozes
  2 adder skeletons
  A worm (D:3)
  A dart slug (D:1)
  3 leopard geckos
  26 orcs
  6 giant cockroaches
  2 goblins
  A hobgoblin (D:1)
  12 jackals
  6 kobolds
  2 quokkas
  3 ball pythons
  3 bats
  3 frilled lizards
  A jackal zombie (D:8)
  3 rats
126 creatures vanquished.

Notes
Turn   | Place    | Note
-------+----------+-------------------------------------------
     0 | D:1      | Lavandula the Mummy Arcane Marksman began the quest for the Orb.
     0 | D:1      | Reached XP level 1. HP: 15/15 MP: 2/2
   101 | D:1      | Reached XP level 2. HP: 21/21 MP: 2/4
   107 | D:1      | Found a shattered altar of Ashenzari.
   263 | D:2      | Found a glowing silver altar of Zin.
   384 | D:3      | Reached XP level 3. HP: 26/26 MP: 3/5
   661 | D:4      | Noticed a scorpion
   665 | D:4      | Killed a scorpion
   665 | D:4      | Reached XP level 4. HP: 32/32 MP: 4/6
   704 | D:4      | Learned a level 2 spell: Slow
   711 | D:4      | Got a shadowed robe
   725 | D:4      | Identified the +2 robe of Starshine {+Inv +Fly rPois} (You found it on level 4 of the Dungeon)
   959 | D:3      | Reached skill level 2 in Dodging
  1140 | D:4      | Reached XP level 5. HP: 20/37 MP: 3/7
  1162 | D:4      | Noticed an ogre
  1502 | D:4      | Reached skill level 3 in Dodging
  2008 | D:4      | Found a staircase to the Ecumenical Temple.
  2017 | Temple   | Entered the Ecumenical Temple
  2027 | Temple   | Became a worshipper of Gozag Ym Sagoz the Greedy
  2184 | D:5      | Entered Level 5 of the Dungeon
  2188 | D:5      | Noticed a centaur
  2196 | D:5      | Killed a centaur
  2196 | D:5      | Reached skill level 4 in Dodging
  2196 | D:5      | Reached XP level 6. HP: 5/43 MP: 8/8
  2504 | D:5      | Found a glowing golden altar of the Shining One.
  2611 | D:5      | Reached skill level 1 in Short Blades
  2880 | D:6      | Found Aqa Seni's Gadget Shoppe.
  2935 | D:6      | Noticed a sky beast
  2942 | D:6      | Killed a sky beast
  2942 | D:6      | Reached XP level 7. HP: 39/48 MP: 3/9
  3387 | D:6      | Reached skill level 5 in Dodging
  3483 | D:6      | Reached skill level 1 in Evocations
  3483 | D:6      | Reached XP level 8. HP: 11/58 MP: 1/10
  3853 | D:7      | Noticed cirnu's ghost (novice DsGl)
  3872 | D:7      | Found a blossoming altar of Fedhas.
  3882 | D:7      | Found a shadowy altar of Dithmenos.
  3915 | D:7      | Got an iridescent quarterstaff
  3916 | D:7      | Identified the +2 quarterstaff of Cowardice {crush, *Slow Str+4 Int+3 Dex+3} (You found it on level 7 of the Dungeon)
  3993 | D:7      | Found Naemibeneang's Assorted Antiques.
  4000 | D:7      | Bought a scroll labeled WATURE LOCEPH for 29 gold pieces
  4207 | D:7      | Noticed a hippogriff
  4213 | D:7      | Killed a hippogriff
  4242 | D:7      | Reached skill level 5 in Fighting
  4453 | D:6      | Found Akerchikh's Jewellery Emporium.
  4672 | D:6      | Found Foirut's Gadget Shoppe.
  4719 | D:6      | Found Wamat's Gadget Boutique.
  4867 | D:6      | Reached skill level 6 in Dodging
  4912 | D:7      | Found an iron altar of Okawaru.
  4993 | D:7      | Found Meuluqiu's Antique Armour Shoppe.
  5319 | D:8      | Found a white marble altar of Elyvilon.
  5321 | D:8      | Found a snail-covered altar of Cheibriados.
  5366 | D:8      | Reached XP level 9. HP: 21/68 MP: 12/15
  5443 | D:8      | Noticed Psyche
  5452 | D:8      | Killed Psyche
  5566 | D:8      | Reached skill level 7 in Dodging
  5633 | D:8      | Found a staircase to the Lair.
  5721 | D:8      | Killed from afar by a hell hound

Vault maps used:
D:1:      minmay_arrival_pointy, evilmike_ruin_ashenzari
D:2:      lemuel_round_altar, first_bread, makhleb_heckhound_becter, uniq_robin
D:4:      minmay_temple_entry_grid
D:5:      basic_altar
D:6:      hangedman_cross_stitches, serial_shops, shop, shop, shop,
          kennysheep_mini
D:7:      fedhas_altar_1, okawaru_trees_1, basic_altar, serial_shops,
          nicolae_shop_trees, shop
D:8:      chequers_temple_overflow_statue_of_worship, minmay_lair_entry_lava,
          uniq_psyche
Temple:   regret_index_temple_sphere_string

Skill      XL: |  1  2  3  4  5  6  7  8  9 |
---------------+----------------------------+-----
Crossbows      | 2 3 4 |  4.0
Dodging        | 2 4 5 6 7 |  7.0
Short Blades   | 2 |  2.8
Fighting       | 3 5 |  5.0
Evocations     | 1 3 |  3.0
Spellcasting   | 4 |  4.2
Hexes          | |  2.6

Action                   |  1- 3 |  4- 6 |  7- 9 || total
-------------------------+-------+-------+-------++-------
Melee: Hand axe          |    14 |     9 |       ||    23
       Dagger            |       |   128 |   300 ||   428
       Quarterstaff      |       |       |     8 ||     8
 Fire: Hand crossbow     |    42 |    92 |    40 ||   174
 Cast: Corona            |    19 |    39 |    68 ||   126
       Slow              |       |    11 |    12 ||    23
Invok: Potion Petition   |       |     1 |       ||     1
       Call Merchant     |       |       |     1 ||     1
 Abil: Evoke Invisibilit |       |       |     1 ||     1
Evoke: Wand              |       |     1 |    13 ||    14
  Use: Scroll            |     5 |     5 |     9 ||    19
 Stab: Sleeping          |       |     1 |       ||     1
Armor: Robe              |     9 |    78 |    69 ||   156
       Leather armour    |     3 |     2 |       ||     5
Dodge: Dodged            |    24 |   192 |   233 ||   449
